 Dungeon Crawl Stone Soup version 0.17-a0-1078-g243345b (webtiles) character file.

81 inmateoo the Chiller (level 4, -9/30 HPs)
             Began as a Mummy Ice Elementalist on May 19, 2015.
             Was a Believer of Cheibriados.
             Mangled by an ogre
             ... wielding a +0 giant club
              (11 damage)
             ... on level 4 of the Dungeon.
             The game lasted 00:05:33 (2426 turns).

inmateoo the Chiller (Mummy Ice Elementalist)       Turns: 2426, Time: 00:05:33

Health: -9/30      AC:  5    Str: 15    XL:     4   Next: 19%
Magic:  1/7        EV: 13    Int: 19    God:    Cheibriados [**....]
Gold:   138        SH:  0    Dex: 16    Spells: 3 memorised, 1 level left

rFire  x . .     SeeInvis .     (no weapon)
rCold  + . .     Clarity  .     d - +2 robe {MR+}
rNeg   + + +     SustAb   .     (no shield)
rPois  ∞         Gourm    .     c - +0 helmet
rElec  .         Spirit   .     (no cloak)
rCorr  .         Warding  +     (no gloves)
rMut   .         Stasis   .     (no boots)
MR     +....                    f - amulet of warding
Stlth  ++........               (no ring)
                                (no ring)

@: very slightly contaminated, very slow, somewhat resistant to hostile
enchantments, unstealthy
A: no food or potions, fire vulnerability, cold resistance 1, negative energy
resistance 3, torment resistance, unbreathing
a: Bend Time, Renounce Religion


You were on level 4 of the Dungeon.
You worshipped Cheibriados.
Cheibriados was pleased with you.
You were not hungry.

You visited 1 branch of the dungeon, and saw 4 of its levels.

You collected 138 gold pieces.

Inventory:

Armour
 c - a +0 helmet (worn)
 d - a +2 robe of magic resistance (worn)
Jewellery
 f - an amulet of warding (around neck)
Scrolls
 a - a scroll of remove curse
 e - 2 scrolls of noise
Books
 b - a book of Frost

   Spells                             Type                      Level
   a - Freeze                         Ice                          1
   b - Throw Frost                    Conjuration/Ice              2
   c - Ozocubu's Armour               Charms/Ice                   3
   d - Throw Icicle                   Conjuration/Ice              4
   e - Summon Ice Beast               Ice/Summoning                4
   f - Condensation Shield            Ice                          4


   Skills:
 + Level 2.3 Dodging
 - Level 2.1 Stealth
 * Level 0.0 Unarmed Combat
 + Level 2.2 Spellcasting
 + Level 0.7 Conjurations
 * Level 3.2 Ice Magic
 + Level 0.1 Invocations


You had one spell level left.
You knew the following spells:

 Your Spells              Type           Power        Failure   Level  Hunger
a - Freeze                Ice            ##..         6%          1    N/A
b - Throw Frost           Conj/Ice       #.....       12%         2    N/A
c - Ozocubu's Armour      Chrm/Ice       #.......     28%         3    N/A

Dungeon Overview and Level Annotations

Branches:
Dungeon (4/15)
 Temple: D:4-7

Altars:
Cheibriados

Annotations:
D:3 Grinder


Innate Abilities, Weirdness & Mutations

You do not eat or drink.
Your flesh is vulnerable to fire.
You are immune to poison.
Your flesh is cold resistant.
You are immune to negative energy.
You are immune to unholy pain and torment.
You can survive without breathing.


Message History

Aim: an ogre, wielding a giant club (moderately wounded)
You freeze the ogre.
The ogre is moderately wounded.
The ogre hits you with a giant club! The orc hits you with a falchion.
You can't drink.
Unknown command.
Read which item? (? for menu, Esc to quit)
Okay, then.
The ogre closely misses you. The orc hits you but does no damage.
The orc wizard mumbles some strange words.
The orc wizard seems to speed up.
The ogre hits you with a giant club!
* * * LOW HITPOINT WARNING * * *
Use which ability? (? or * to list)
You don't have enough magic at the moment.
Unknown command.
Use which ability? (? or * to list)
You don't have enough magic at the moment.
The ogre hits you with a giant club!
You die...

...................#
..................####..
.................## ##.
.....>..........## #.
...............## ##
#.............## ##.
#............# ##..
#............# ##..#
##.@......# ##..##
###O.....# ##..##
##o.....# ##..## .
###..####.###..##
....###oo.## ####...#
.....o.o.## #...###
........## #.....###
.......## #####....
....### #####


You could see an ogre and an orc.

Vanquished Creatures
  An adder (D:2)
  A gnoll (D:1)
  An ooze (D:2)
  A worm (D:2)
  2 giant cockroaches
  5 goblins
  8 hobgoblins
  8 jackals
  3 quokkas (D:2)
  6 bats
  A giant gecko skeleton (D:4)
  4 giant newts
  4 kobolds
  6 rats
51 creatures vanquished.

Notes
Turn   | Place    | Note
--------------------------------------------------------------
     0 | D:1      | inmateoo the Mummy Ice Elementalist began the quest for the Orb.
     0 | D:1      | Reached XP level 1. HP: 13/13 MP: 3/3
    77 | D:1      | Found a snail-covered altar of Cheibriados.
   110 | D:1      | Became a worshipper of Cheibriados the Contemplative
   688 | D:1      | Reached XP level 2. HP: 19/19 MP: 3/5
   851 | D:1      | Learned a level 2 spell: Throw Frost
  1130 | D:1      | Acquired Cheibriados's first power
  1175 | D:1      | Reached XP level 3. HP: 24/24 MP: 0/6
  1282 | D:1      | Reached skill level 3 in Ice Magic
  1958 | D:2      | Reached XP level 4. HP: 30/30 MP: 4/7
  2337 | D:3      | Noticed Grinder
  2355 | D:4      | Learned a level 3 spell: Ozocubu's Armour
  2414 | D:4      | Noticed an ogre
  2426 | D:4      | Mangled by an ogre

Vault maps used:
D:1:      dpeg_arrival_arbitrary_a, cheibriados_altar_1
D:2:      first_bread
D:3:      serial_glass, glass_columns_c, glass_columns_a, glass_columns_b,
          glass_columns_c, uniq_grinder
D:4:      kennysheep_little_box, minmay_temple_entry_statues_pillars

Action                   |  1- 3 |  4- 6 || total
-------------------------+-------+-------++-------
Melee: Unarmed           |    22 |    25 ||    47
 Cast: Freeze            |    70 |    21 ||    91
       Throw Frost       |       |     1 ||     1
  Use: Scroll            |     4 |     4 ||     8
